 Dungeon Crawl Stone Soup version 0.19-a0-1686-g35356ef (webtiles) character file.

251 Amnesiac the Cudgeler (level 6, -5/67 HPs)
             Began as an Ogre Monk on Sept 25, 2016.
             Was an Initiate of Gozag.
             Slain by Amnesiac's ghost (10 damage)
             ... on level 3 of the Dungeon.
             The game lasted 00:05:18 (2892 turns).

Amnesiac the Cudgeler (Ogre Monk)                   Turns: 2892, Time: 00:05:19

Health: -5/67      AC:  7    Str: 17    XL:     6   Next: 13%
Magic:  6/6        EV: 11    Int:  9    God:    Gozag
Gold:   406        SH:  0    Dex: 14    Spells: 0 memorised, 5 levels left

rFire  . . .     SeeInvis .     n - +0 rod of ignition (4/12)
rCold  . . .     Gourm    .     b - +0 robe
rNeg   . . .     Faith    .     (no shield)
rPois  .         Spirit   .     c - +2 hat
rElec  .         Dismiss  .     h - +0 cloak
rCorr  .         Reflect  .     (gloves unavailable)
MR     .....     Harm     .     (boots unavailable)
Stlth  ++........               (no amulet)
                                (no ring)
                                (no ring)

@: no status effects
A: unfitting armour, tough skin 1
a: Potion Petition, Call Merchant, Bribe Branch, Renounce Religion


You were on level 3 of the Dungeon.
You worshipped Gozag.
Gozag was aware of your devotion.
You were not hungry.

You visited 1 branch of the dungeon, and saw 4 of its levels.

You collected 406 gold pieces.

Inventory:

Hand Weapons
 a - a +0 mace
 z - a +0 spear
Armour
 b - a +0 robe (worn)
 c - a +2 hat (worn)
 h - a +0 cloak (worn)
Rods
 n - a +0 rod of ignition (4/12) (in hand)
   (You found it on level 2 of the Dungeon)
Wands
 k - a wand of lightning (13/15)
 m - a wand of flame (28/48)
 y - a wand of enslavement (9/24)
Scrolls
 e - a scroll of recharging
 p - 2 scrolls of identify {unknown}
 q - 2 scrolls of remove curse {unknown}
 t - a scroll of teleportation {unknown}
 w - 2 scrolls of fog {unknown}
 x - a scroll of amnesia
 C - a scroll of fear {unknown}
Potions
 d - 2 potions of might {unknown}
 g - 2 potions of invisibility {unknown}
 i - 2 potions of agility {unknown}
 j - a potion of heal wounds {unknown}
 l - a potion of magic {unknown}
 o - a potion of flight {unknown}
 r - a potion of haste {unknown}
 s - a potion of cancellation {unknown}
 u - a potion of curing {unknown}
 v - a potion of degeneration {unknown}
 A - a potion of brilliance {unknown}
Comestibles
 f - 2 meat rations
 B - a bread ration


   Skills:
 * Level 6.3 Fighting
 * Level 6.3 Maces & Flails
 + Level 3.6 Dodging
 - Level 1.5 Stealth


You had 5 spell levels left.
You didn't know any spells.

Dungeon Overview and Level Annotations

Branches:
Dungeon (4/15)
 Temple: D:4-7

Altars:
Fedhas
Gozag
Okawaru

Annotations:
D:3 Amnesiac's ghost, amateur OgMo
D:4 Eustachio


Innate Abilities, Weirdness & Mutations

You are too large for most types of armour.
You have tough skin. (AC +1)


Message History

* * * LOW HITPOINT WARNING * * *
The bat closely misses you. The bat hits you but does no damage.
The bat barely misses you. The bat hits you but does no damage.
The bat hits you but does no damage. The bat hits you but does no damage.
The bat hits you but does no damage. The bat barely misses you.
The bat misses you. The bat barely misses you.
The bat hits you but does no damage. The bat barely misses you.
The bat barely misses you. The bat closely misses you.
There is a stone staircase leading up, spattered with blood here.
The bat barely misses you.
You climb upwards.
Level annotation: Amnesiac's ghost, amateur OgMo Amnesiac's ghost hits you!
You die...
Your body crumbles into a pile of gold.

#...# #. #.# #..#.# #(#.# #.
#.# #..#.# #.#.# .###.###..#.#
#.#.# ..........#.#### #.#.#
####............ ###.#
#..###.#.#### #.######## #..#
#.......
##..........######..###...####
#.#########.W@...........## #
#.........................# #
#.########.########.#####.####
##.# # #.# #[)... #..#### #.#
###### #..##.. #.# # #..##.#
#.########## #..##.# .#
#........... .##(.##.# ..#
############


You could see Amnesiac's ghost.

Vanquished Creatures
  2 orc wizards (D:3)
  An iguana (D:4)
  Jessica (D:2)
  Ijyb (D:2)
  5 adders
  2 oozes
  A dart slug (D:4)
  A worm (D:2)
  4 leopard geckos
  6 orcs (D:3)
  A ball python (D:1)
  3 giant cockroaches
  5 hobgoblins
  6 kobolds
  A quokka (D:3)
  5 bats
  A frilled lizard (D:3)
  5 goblins (D:3)
  A rat (D:2)
52 creatures vanquished.

Notes
Turn   | Place    | Note
-------+----------+-------------------------------------------
     0 | D:1      | Amnesiac the Ogre Monk began the quest for the Orb.
     0 | D:1      | Reached XP level 1. HP: 24/24 MP: 1/1
   221 | D:1      | Reached XP level 2. HP: 22/32 MP: 2/2
   493 | D:3      | Found an opulent altar of Gozag.
   500 | D:3      | Noticed Amnesiac's ghost (amateur OgMo)
   502 | D:3      | Became a worshipper of Gozag Ym Sagoz the Greedy
   526 | D:2      | Reached XP level 3. HP: 35/40 MP: 3/3
   654 | D:1      | Identified a +0 rod of ignition (12/12) (You found it on level 2 of the Dungeon)
  1127 | D:2      | Noticed Ijyb
  1143 | D:2      | Killed Ijyb
  1143 | D:2      | Reached skill level 5 in Fighting
  1143 | D:2      | Reached skill level 5 in Maces & Flails
  1143 | D:2      | Reached XP level 4. HP: 45/50 MP: 4/4
  1311 | D:2      | Noticed Jessica
  1314 | D:2      | Killed Jessica
  1763 | D:3      | Found an iron altar of Okawaru.
  1947 | D:3      | Reached XP level 5. HP: 52/57 MP: 5/5
  2399 | D:4      | Reached XP level 6. HP: 15/67 MP: 6/6
  2651 | D:4      | Found a blossoming altar of Fedhas.
  2844 | D:4      | Noticed Eustachio
  2874 | D:4      | HP: 2/67 [river rat[Eustachio] (3)]
  2892 | D:3      | Slain by Amnesiac's ghost

Vault maps used:
D:1:      dpeg_arrival_three_same_balls, nrook_mini_backslash,
          kennysheep_decorative_pillar
D:2:      uniq_jessica, uniq_iyjb
D:3:      kennysheep_okawaru_gauntlet, overflow_temple_1_default,
          nicolae_ru_the_path_less_chosen
D:4:      fedhas_altar_1, serial_shops, nicolae_shop_window_shopping,
          uniq_natasha, uniq_sigmund, uniq_eustachio

Skill      XL: |  1  2  3  4  5 |
---------------+----------------+-----
Dodging        | 3 |  3.6
Fighting       | 5 6 |  6.3
Maces & Flails | 5 6 |  6.3
Stealth        | |  1.5

Action                   |  1- 3 |  4- 6 || total
-------------------------+-------+-------++-------
Melee: Mace              |    73 |   136 ||   209
       Spear             |       |     8 ||     8
Evoke: Rod               |       |     4 ||     4
  Use: Scroll            |     4 |       ||     4
 Stab: Sleeping          |     1 |     2 ||     3
  Eat: Fruit             |       |     2 ||     2
       Beef jerky        |       |     1 ||     1
       Bread ration      |       |     1 ||     1
       Meat ration       |       |     1 ||     1
Armor: Robe              |    26 |    64 ||    90
Dodge: Dodged            |    75 |   103 ||   178
